 Dungeon Crawl Stone Soup version 0.29-a0-251-g80730f7218 (webtiles) character file.

Game seed: 2073613516583493589

217 ReploidZero the Digger (level 5, -2/42 HPs)
             Began as a Deep Dwarf Earth Elementalist on Mar 5, 2022.
             Slain by an iguana (6 damage)
             ... on level 4 of the Dungeon.
             The game lasted 00:06:27 (2160 turns).

ReploidZero the Digger (DDEE)                       Turns: 2160, Time: 00:06:28

Health: -2/42      AC:  4    Str: 17    XL:     5   Next: 61%
Magic:  5/9        EV: 13    Int: 18    God:
Gold:   184        SH:  0    Dex: 13    Spells: 3/9 levels left

rFire   . . .      SeeInvis .   m - +2 dagger (vamp)
rCold   . . .      Faith    .   (no shield)
rNeg    . . .      Spirit   .   b - +0 robe
rPois   .          Reflect  .   l - +0 helmet
rElec   .          Harm     .   e - +0 cloak
rCorr   .          Rampage  .   (no gloves)
Will    .....                   (no boots)
Stlth   ++........              (no amulet)
HPRegen 0.00/turn               d - +6 ring of strength
MPRegen 0.11/turn               (no ring)

@: very slightly contaminated
A: damage resistance, heal wounds, sense surroundings 1, no regeneration
a: Heal Wounds


You were on level 4 of the Dungeon.
You visited 1 branch of the dungeon, and saw 4 of its levels.

You collected 238 gold pieces.
You spent 54 gold pieces at shops.

Inventory:

Hand Weapons
 m - a +2 vampiric dagger (weapon)
Missiles
 a - 68 stones
Armour
 b - a +0 robe (worn)
 e - a +0 cloak (worn)
 l - a +0 helmet (worn)
Jewellery
 d - a +6 ring of strength (left hand)
Scrolls
 g - a scroll of enchant weapon {unknown}
 o - a scroll of enchant armour {unknown}
Potions
 c - a potion of attraction {unknown}
 f - a potion of ambrosia
 h - a potion of heal wounds {unknown}
 i - 2 potions of lignification
 j - 3 potions of curing
 k - a potion of brilliance {unknown}
 n - a potion of berserk rage {unknown}
 p - a potion of mutation {unknown}


   Skills:
 + Level 3.5 Dodging
 - Level 2.4 Stealth
 + Level 2.7 Spellcasting
 + Level 1.4 Conjurations
 + Level 2.4 Transmutations
 + Level 5.3 Earth Magic


You had 3 spell levels left.
You knew the following spells:

 Your Spells              Type           Power      Damage    Failure   Level
a - Sandblast             Erth           42%        2d11      1%          1
b - Passwall              Tmut/Erth      13%        N/A       5%          2
c - Stone Arrow           Conj/Erth      28%        3d8       13%         3

Your spell library contained the following spells:

 Spells                   Type           Power      Damage    Failure   Level
 Petrify                  Tmut/Erth      16%        N/A       34%         4


Dungeon Overview and Level Annotations

Branches:
Dungeon (4/15)
 Temple: D:4-7

Altars:

Shops:
D:1 *   D:2 (

Annotations:
D:4 Duvessa


Innate Abilities, Weirdness & Mutations

You are resistant to damage.
You can heal yourself by infusing magical energy.
You passively map a small area around you.
You do not regenerate.


Message History

Aiming: Sandblast (safe; 1% risk of failure)
Press: ? - help, Q - select action, (/) - cycle Shift-Dir - straight line, f - iguana
Aim: an iguana (83% to hit)
The blast of sand misses the iguana.
The iguana bites you!
A jelly comes into view.
Aiming: Sandblast (safe; 1% risk of failure)
Press: ? - help, Q - select action, (/) - cycle Shift-Dir - straight line, f/p - iguana
Aim: an iguana (83% to hit)
The blast of sand hits the iguana.
The iguana is moderately wounded.
The iguana completely misses you.
Duvessa, Sister of Dowan comes into view.
She is wielding a +0 short sword.
There is an open door here.
There is an open door here.
Things that are here:
a +0 spear; a gnoll corpse
There is an open door here.
Aiming: Sandblast (safe; 1% risk of failure)
Press: ? - help, Q - select action, (/) - cycle Shift-Dir - straight line, f/p - iguana
Aim: an iguana (moderately wounded, 83% to hit)
The blast of sand hits the iguana but does no damage.
The iguana is moderately wounded.
The iguana misses you.
Aiming: Sandblast (safe; 1% risk of failure)
Press: ? - help, Q - select action, (/) - cycle Shift-Dir - straight line, f/p - iguana
Aim: an iguana (moderately wounded, 83% to hit)
The blast of sand hits the iguana.
The iguana is heavily wounded.
The iguana hisses menacingly.
The iguana bites you!
* * * LOW HITPOINT WARNING * * *
Aiming: Sandblast (safe; 1% risk of failure)
Press: ? - help, Q - select action, (/) - cycle Shift-Dir - straight line, f/p - iguana
Aim: an iguana (heavily wounded, 83% to hit)
You miscast Sandblast.
You are very lightly contaminated with residual magic.
Nothing appears to happen.
The iguana bites you!
You die...

#####.., ,* #[....########
#.....#......# #.....#......# ,
#.....#......# #.....#......# *
. #.....#.)....# , .
#.....#).....# * ..
#....@lg.....# ...
##########.....#...##.# ####...
#...........#########'###......
#...........# ........g.g......
#...........+,..........#....^.
#...........# ..........#......
#...........#+########+##......
#.............. , ......#
#..............< , , ......+


You could see an iguana and a goblin.

Vanquished Creatures
  An ogre (D:4)
  Natasha (D:4)
  3 gnolls (D:4)
  2 adders
  A worm (D:3)
  2 dart slugs
  4 bats
  8 endoplasms
  4 giant cockroaches
  7 goblins
  A hobgoblin (D:3)
  7 kobolds
  4 quokkas (D:2)
  7 ball pythons
  2 frilled lizards
  2 rats (D:1)
56 creatures vanquished.

Notes
Turn   | Place    | Note
-------+----------+-------------------------------------------
     0 | D:1      | ReploidZero the Deep Dwarf Earth Elementalist began the
                  | quest for the Orb.
     0 | D:1      | Reached XP level 1. HP: 15/15 MP: 3/3
    12 | D:1      | Found a faded altar of an unknown god.
    67 | D:1      | Reached skill level 1 in Transmutations
   209 | D:1      | Found Niorphei's Assorted Antiques.
   249 | D:1      | Reached XP level 2. HP: 16/22 MP: 4/4
   403 | D:1      | Bought a glowing pink potion for 18 gold pieces
   403 | D:1      | Bought a murky red potion for 18 gold pieces
   403 | D:1      | Bought a fizzy golden potion for 18 gold pieces
   721 | D:2      | Learned a level 2 spell: Passwall
   747 | D:2      | Reached XP level 3. HP: 28/28 MP: 1/6
   865 | D:2      | Learned a level 3 spell: Stone Arrow
   950 | D:2      | Found Tuhadil's Weapon Emporium.
  1798 | D:3      | Reached XP level 4. HP: 36/36 MP: 5/7
  1942 | D:3      | You fall into a shaft and drop 1 floor!
  1946 | D:4      | Noticed an ogre
  1953 | D:4      | Killed an ogre
  1954 | D:4      | Reached skill level 1 in Conjurations
  1954 | D:4      | Reached skill level 5 in Earth Magic
  1954 | D:4      | Reached XP level 5. HP: 42/42 MP: 4/8
  2013 | D:4      | Noticed Natasha
  2027 | D:4      | Killed Natasha
  2145 | D:4      | Noticed Duvessa
  2160 | D:4      | Slain by an iguana

Illustrated notes

Levels and vault maps discovered:
D:1:      heliophobic_arrival_battle_scene, layout_loops_ring, serial_shops,
          nicolae_shop_hallway_stairs, basic_ecumenical_altar,
          minmay_octomino_c4
D:2:      layout_basic, serial_rivers, chequers_serial_rivers_small_b,
          chequers_serial_rivers_micro_c, chequers_serial_rivers_large_b,
          chequers_serial_rivers_micro_e, chequers_serial_rivers_micro_a,
          serial_shops, nicolae_shop_bloodbath_and_beyond, minmay_surrounded
D:3:      layout_loops_ring, zin_treasury, chequers_serial_rivers_room_a
D:4:      layout_gridville, mainiacjoe_overflow_boulevard, uniq_duvessa,
          uniq_natasha

Skill      XL: |  1  2  3  4 |
---------------+-------------+-----
Transmutations | 1 2 |  2.4
Spellcasting   | 2 |  2.7
Dodging        | 3 |  3.5
Conjurations   | 1 |  1.4
Earth Magic    | 5 |  5.3
Stealth        | |  2.4

Action                   |  1- 3 |  4- 6 || total
-------------------------+-------+-------++-------
Melee: Dagger            |   101 |    23 ||   124
       Unarmed           |     4 |       ||     4
       Punch             |     1 |     1 ||     2
 Cast: Sandblast         |    17 |    19 ||    36
 Abil: Heal Wounds       |     1 |       ||     1
  Use: Scroll            |     5 |       ||     5
 Stab: Sleeping          |     9 |     1 ||    10
       Distracted        |     1 |       ||     1
Armor: Robe              |    32 |     3 ||    35
Dodge: Dodged            |    55 |    24 ||    79

Table legend: (Time is in decaauts)
 A = Elapsed time spent in this place.
 B = Non-inter-level travel time spent in this place.
 C = Inter-level travel time spent in this place.
 D = Time resting spent in this place.
 E = Time spent auto-exploring this place.
 F = Levels seen in this place.
 G = Mean time per level.
                   A        B        C        D        E       F      G
               +--------+--------+--------+--------+--------+-----+--------+
         Total |   2185 |   2135 |     50 |      0 |   1654 |   4 |  546.2 |
       Dungeon |   2185 |   2135 |     50 |      0 |   1654 |   4 |  546.2 |
               +--------+--------+--------+--------+--------+-----+--------+

Top non-repeatable levels by time:
     D:2: 1029 daAuts
     D:1: 707 daAuts
     D:3: 230 daAuts
     D:4: 217 daAuts
